 Dungeon Crawl Stone Soup version 0.20-a0-222-gb69ddcd (webtiles) character file.

819 patrickswayze the Covert (level 7, 0/40 HPs)
             Began as a Deep Elf Chaos Knight on Nov 30, 2016.
             Succumbed to a worker ant's poison
             ... on level 5 of the Dungeon.
             The game lasted 00:11:47 (7488 turns).

patrickswayze the Covert (Deep Elf Chaos Knight)    Turns: 7488, Time: 00:11:47

Health: 0/40       AC:  5    Str:  9    XL:     7   Next: 63%
Magic:  9/9        EV: 12    Int: 15    God:    Xom [..*...]
Gold:   170        SH:  0    Dex: 16    Spells: 3/6 levels left

rFire  . . .     SeeInvis .     a - +0 short sword (chaos)
rCold  . . .     Gourm    .     b - +2 leather armour
rNeg   . . .     Faith    .     (no shield)
rPois  .         Spirit   .     (no helmet)
rElec  .         Reflect  .     (no cloak)
rCorr  .         Harm     .     (no gloves)
MR     .....                    (no boots)
Stlth  ++++......               (no amulet)
                                (no ring)
                                (no ring)

@: lethally poisoned (0 -> -3), flying, very slightly contaminated, hasted, very
quick
A: dopey 1, high mp 1
a: Renounce Religion


You were on level 5 of the Dungeon.
You worshipped Xom.
You were a toy of Xom.
You were hungry.

You visited 1 branch of the dungeon, and saw 5 of its levels.

You collected 170 gold pieces.


Innate Abilities, Weirdness & Mutations

You are dopey. (Int -2)
You have an increased reservoir of magic. (+10% MP)


   Skills:
 - Level 2.4 Fighting
 - Level 3.0 Short Blades
 - Level 0.7 Armour
 - Level 2.4 Dodging
 - Level 8.1 Stealth
 + Level 7.5 Hexes


You had 3 spell levels left.
You knew the following spells:

 Your Spells              Type           Power        Failure   Level  Hunger
a - Confuse               Hex            ###.....     6%          3    ####...

Inventory:

Hand Weapons
 a - a +0 short sword of chaos (weapon)
Missiles
 f - 117 stones
 i - 7 tomahawks (quivered)
 o - a throwing net
Armour
 b - a +2 leather armour (worn)
Wands
 w - a wand of lightning (0/15)
Scrolls
 c - 5 scrolls of remove curse {unknown}
 d - 2 scrolls of identify
 e - a scroll of teleportation
 g - 2 scrolls of enchant armour {unknown}
 h - a scroll of amnesia {unknown}
 q - a scroll of recharging {unknown}
Books
 l - a book of Misfortune

   Spells                             Type                      Level
   a - Confusing Touch                Hexes                        1
   b - Confuse                        Hexes                        3
   c - Gell's Gravitas                Hexes/Translocation          3
   d - Petrify                        Transmutation/Earth          4
   e - Metabolic Englaciation         Hexes/Ice                    5
   f - Yara's Violent Unravelling     Hexes/Transmutation          5
Comestibles
 j - 3 chunks of flesh
 t - a slice of pizza
 u - 2 meat rations
 v - 2 bread rations


Message History

You feel sick.
You hit the giant cockroach.
The giant cockroach is severely wounded.
The giant cockroach disappears!
* * * LOW HITPOINT WARNING * * *
You feel sick.
There is a lethal amount of poison in your body!
There is a lethal amount of poison in your body!
There is a lethal amount of poison in your body!
Unknown command.
* * * LOW HITPOINT WARNING * * *
You feel sick.
* * * LOW HITPOINT WARNING * * *
You feel sick.
* * * LOW HITPOINT WARNING * * *
You feel sick.
* * * LOW HITPOINT WARNING * * *
You feel sick.
You die...
Xom snickers!

... ## ####
...##
##...###
##......#
##.....#
##......#
##.....@.#
#........#
#.........#
##........#
##......##
##....##
##..## ####


There were no monsters in sight!

Vanquished Creatures
  A spriggan (D:4)
  Menkaure (D:4)
  A howler monkey (D:5)
  2 orc priests (D:3)
  A hound (D:4)
  2 orc wizards (D:3)
  Natasha (thrice) (D:2)
  2 worker ants (D:5)
  A hound skeleton (D:4)
  4 adders
  2 oozes
  An adder skeleton (D:5)
  4 worms
  2 dart slugs
  2 leopard geckos
  8 orcs (D:3)
  7 giant cockroaches
  12 goblins
  13 hobgoblins
  4 jackals (D:2)
  A quokka (D:5)
  6 bats
  6 frilled lizards
  12 kobolds
  9 rats
  A spectral orc (D:3)
108 creatures vanquished.

Vanquished Creatures (collateral kills)
  The ghost of patrickswayze the Sneak, an amateur DECK of Xom (D:3)
  An adder (D:3)
2 creatures vanquished.

Grand Total: 110 creatures vanquished

Notes
Turn   | Place    | Note
-------+----------+-------------------------------------------
     0 | D:1      | patrickswayze the Deep Elf Chaos Knight began the quest for the Orb.
     0 | D:1      | Reached XP level 1. HP: 13/13 MP: 3/3
    11 | D:1      | Reached skill level 1 in Stealth
   109 | D:1      | Reached skill level 2 in Stealth
   117 | D:1      | Reached XP level 2. HP: 14/18 MP: 4/4
   213 | D:1      | Reached skill level 3 in Stealth
   455 | D:1      | XOM: divination: magic mapping
   664 | D:1      | Reached XP level 3. HP: 21/22 MP: 5/5
   955 | D:2      | XOM: harmless Erth miscast
   975 | D:2      | Found a stormy altar of Qazlal.
   976 | D:2      | Found a bloodstained altar of Trog.
  1012 | D:2      | Reached skill level 4 in Stealth
  1031 | D:2      | XOM: divination: detect creatures
  1072 | D:2      | XOM: mild Pois miscast
  1474 | D:2      | HP: 2/22 [worm (7)]
  1695 | D:2      | XOM: harmless Tloc miscast
  1857 | D:2      | Reached XP level 4. HP: 22/27 MP: 6/6
  1891 | D:2      | Reached skill level 5 in Stealth
  1940 | D:2      | XOM: potion effect (agility)
  1954 | D:2      | HP: 3/27 [worm (13)]
  1983 | D:2      | HP: 5/27 [poisoned by an adder]
  2228 | D:2      | Learned a level 3 spell: Confuse
  2309 | D:3      | Noticed Natasha
  2339 | D:3      | Noticed patrickswayze's ghost (amateur DECK)
  2355 | D:3      | XOM: blink monster(s)
  2358 | D:3      | XOM: mild Hex miscast
  2430 | D:3      | XOM: blink monster(s)
  2444 | D:2      | Killed Natasha
  2574 | D:2      | XOM: summons 1 hostile demon
  2662 | D:2      | Reached skill level 6 in Stealth
  2814 | D:2      | Noticed Natasha
  2833 | D:2      | Killed Natasha
  2833 | D:2      | Reached XP level 5. HP: 29/31 MP: 7/7
  2986 | D:2      | Noticed Natasha
  2995 | D:2      | XOM: butterfly on damage
  3008 | D:2      | Killed Natasha
  3208 | D:2      | XOM: god gift: scroll labeled COPABE IMUIR {god gift}
  3216 | D:3      | XOM: divination: detect items
  3592 | D:3      | Reached skill level 7 in Stealth
  3737 | D:3      | XOM: give mutations
  3737 | D:3      | Gained mutation: You evolve. [Xom's grace]
  3737 | D:3      | Gained mutation: You have an increased reservoir of magic. (+10% MP) [Xom's grace]
  3821 | D:3      | XOM: mild Summ miscast
  3822 | D:3      | Noticed a spatial vortex
  4156 | D:3      | XOM: summons 2 hostile demons
  4157 | D:3      | Noticed a rust devil
  4316 | D:3      | Lost mutation: You evolve. [end of evolution]
  4385 | D:3      | Found a shattered altar of Ashenzari.
  4453 | D:3      | Reached XP level 6. HP: 18/36 MP: 8/8
  4530 | D:3      | XOM: stat loss: -1 Dex (15/16)
  4563 | D:3      | XOM: summons 1 hostile demon
  4751 | D:3      | Reached skill level 8 in Stealth
  4761 | D:3      | XOM: harmless Erth miscast
  4883 | D:3      | Reached skill level 1 in Hexes
  4997 | D:4      | Noticed Menkaure
  5063 | D:4      | XOM: give mutations
  5063 | D:4      | Gained mutation: You are dopey. (Int -2) [Xom's mischief]
  5169 | D:4      | XOM: swap monsters
  5193 | D:4      | Killed Menkaure
  5256 | D:4      | XOM: summons 1 hostile demon
  5347 | D:3      | XOM: noise
  5452 | D:4      | Found a staircase to the Ecumenical Temple.
  5719 | D:4      | XOM: harmless Necr miscast
  5745 | D:4      | XOM: summons 3 hostile demons
  5746 | D:4      | Noticed a red devil
  5750 | D:4      | HP: 1/36 [red devil/trident[Xom] (12)]
  5759 | D:3      | XOM: summons 6 friendly demons
  5769 | D:3      | Killed patrickswayze's ghost
  5769 | D:3      | Reached XP level 7. HP: 4/40 MP: 9/9
  5803 | D:3      | XOM: silly message
  5970 | D:3      | XOM: medium Summ miscast
  5971 | D:3      | Noticed a small abomination
  6208 | D:3      | Found a basalt altar of Yredelemnul.
  6333 | D:4      | Noticed Edmund
  6345 | D:4      | Noticed Edmund
  6345 | D:4      | Edmund changed into Edmund the ogre
  6345 | D:4      | XOM: polymorph Edmund -> Edmund the ogre
  6359 | D:4      | Noticed Edmund
  6359 | D:4      | Edmund the ogre changed into Edmund the black bear
  6359 | D:4      | XOM: polymorph Edmund the ogre -> Edmund the black bear
  6369 | D:4      | Noticed Edmund
  6369 | D:4      | Edmund the black bear changed into Edmund the spriggan
  6369 | D:4      | XOM: polymorph Edmund the black bear -> Edmund the spriggan
  6370 | D:4      | XOM: enchant monster (good)
  6383 | D:4      | HP: 4/40 [Edmund the spriggan (6)]
  6384 | D:4      | Killed Edmund the spriggan
  6384 | D:4      | Reached skill level 6 in Hexes
  6585 | D:4      | XOM: medium Air miscast
  6764 | D:4      | XOM: mild Summ miscast
  7117 | D:4      | XOM: swap monsters
  7293 | D:5      | Entered Level 5 of the Dungeon
  7394 | D:5      | Noticed patrickswayze's ghost (novice DECK)
  7411 | D:5      | XOM: mild Air miscast
  7413 | D:5      | XOM: 2-stop teleportation journey
  7448 | D:5      | XOM: summons 1 hostile shadow creature
  7458 | D:5      | XOM: confusion
  7467 | D:5      | HP: 8/40 [quokka (1)]
  7473 | D:5      | HP: 5/40 [poisoned by a worker ant]
  7480 | D:5      | HP: 2/40 [poisoned by a worker ant]
  7485 | D:5      | HP: 1/40 [poisoned by a worker ant]
  7488 | D:5      | Succumbed to a worker ant's poison

Vault maps used:
D:1:      mrwooster_arrival_statue_2
D:2:      chequers_temple_overflow_statue_of_worship, st_stairs_10
D:3:      yredelemnul_forgotten_temple_becter, old_standard_altar,
          lemuel_coloured_pillars_altar, first_bread, serial_co_window_serial,
          co_window_paths_a, co_window_paths_b, co_window_corner_a,
          co_window_paths_a, co_window_corner_a, co_window_paths_a,
          co_window_cross_1, co_window_cross_1, co_window_corner_a,
          co_window_of_opportunity_b, co_window_broadway_a, co_window_corner_b,
          co_window_paths_c, co_window_of_opportunity_c, grunt_ministairs_12,
          uniq_natasha
D:4:      uniq_menkaure, uniq_edmund

Action                   |  1- 3 |  4- 6 |  7- 9 || total
-------------------------+-------+-------+-------++-------
Melee: Short sword       |   152 |   187 |    47 ||   386
Throw: Stone             |     1 |       |       ||     1
       Tomahawk          |     3 |     7 |       ||    10
Evoke: Wand              |       |     1 |       ||     1
  Use: Potion            |       |     3 |     6 ||     9
       Scroll            |       |     2 |     3 ||     5
 Stab: Sleeping          |     6 |    10 |     5 ||    21
       Confused          |     5 |     1 |       ||     6
       Distracted        |       |     1 |       ||     1
       Paralysed         |       |     1 |       ||     1
  Eat: Chunk             |     3 |     6 |     3 ||    12
       Bread ration      |       |     1 |       ||     1
       Royal jelly       |       |       |     1 ||     1
       Beef jerky        |       |       |     1 ||     1
Armor: Leather armour    |    53 |    87 |    11 ||   151
Dodge: Dodged            |    78 |    82 |    29 ||   189
